 Dungeon Crawl Stone Soup version 0.29.0-13-gc9e81de378 (webtiles) character file.

Game seed: 3668914973176766862

64 Iusername the Trooper (level 3, -1/34 HPs)
             Began as a Minotaur Fighter on Sept 8, 2022.
             Slain by a goblin
             ... wielding a +4 dagger
             ... led by Robin
              (6 damage)
             ... on level 2 of the Dungeon.
             The game lasted 00:02:05 (1551 turns).

Iusername the Trooper (Minotaur Fighter)            Turns: 1551, Time: 00:02:05

Health: -1/34      AC:  7    Str: 22    XL:     3   Next: 91%
Magic:  2/2        EV:  9    Int:  5    God:
Gold:   77         SH:  4    Dex:  9    Spells: 2/2 levels left

rFire   . . .      SeeInvis .   a - +0 long sword
rCold   . . .      Faith    .   c - +0 buckler
rNeg    . . .      Spirit   .   b - +0 scale mail
rPois   .          Reflect  .   (helmet restricted)
rElec   .          Harm     .   (no cloak)
rCorr   .          Rampage  .   (no gloves)
Will    .....                   (no boots)
Stlth   ..........              (no amulet)
HPRegen 0.11/turn               (no ring)
MPRegen 0.08/turn               (no ring)

@: mighty
A: horns 2, retaliatory headbutt
a: no special abilities


You were on level 2 of the Dungeon.
You visited 1 branch of the dungeon, and saw 2 of its levels.

You collected 77 gold pieces.

Inventory:

Hand Weapons
 a - a +0 long sword (weapon)
Armour
 b - a +0 scale mail (worn)
 c - a +0 buckler (worn)
Wands
 m - a wand of roots (9)
Scrolls
 e - a scroll of identify {unknown}
 f - 2 scrolls of magic mapping
 g - a scroll of immolation {unknown}
 l - a scroll of amnesia {unknown}
 n - a scroll of enchant armour {unknown}
Potions
 h - a potion of mutation {unknown}
 i - a potion of cancellation {unknown}
 j - a potion of haste {unknown}
 k - a potion of flight {unknown}


   Skills:
 + Level 4.3 Fighting
 + Level 3.4 Long Blades
 + Level 4.2 Armour
 + Level 0.1 Dodging
 + Level 4.1 Shields


You had 2 spell levels left.
You didn't know any spells.
Your spell library was empty.

Dungeon Overview and Level Annotations

Branches:
Dungeon (2/15)

Altars:

Annotations:
D:2 Robin


Innate Abilities, Weirdness & Mutations

You have a pair of horns on your head.
You reflexively headbutt those who attack you in melee.


Message History

The goblin shouts!
You hear a shout!
A goblin comes into view. It is wielding a +0 dagger.
A goblin comes into view. It is wielding a +0 club.
You hear a shout!
There is an open door here.
There are monsters nearby!
A hobgoblin and 6 goblins come into view.
The goblin shouts! x4; The hobgoblin shouts!
The goblin shouts!
Robin of the Strong Arm comes into view.
They are wielding a +0 spear.
Robin shouts!
Robin roars a battlecry!
The goblins go into a battle-frenzy!
You closely miss the goblin. You headbutt the goblin.
You kill the goblin!
The goblin hits you with a +0 club.
You closely miss the goblin. The goblin hits you with a +4 dagger.
Robin throws the goblin at you! The goblin hits you but does no damage.
The goblin hits you with a +0 club.
You barely miss the goblin. Your headbutt misses the goblin.
The goblin hits you with a +0 dagger. The goblin barely misses you.
The goblin hits you with a +4 dagger. The goblin closely misses you.
The goblin barely misses you. You furiously retaliate!
You headbutt the goblin!
You kill the goblin!
You feel very mighty all of a sudden. The goblin hits you with a +0 dagger.
The goblin hits you but does no damage. The goblin barely misses you.
The goblin hits you but does no damage.
Aiming: Fastroot
Press: ? - help, Shift-Dir - straight line, f - goblin
Aim: a goblin, wielding a +0 club (strong)
Okay, then.
Unknown command.
You slash the hobgoblin!
You kill the hobgoblin!
You block the goblin's attack. The goblin barely misses you. x2
The goblin hits you with a +0 club.
* * * LOW HITPOINT WARNING * * *
The goblin hits you with a +0 club.
* * * LOW HITPOINT WARNING * * *
Robin barely misses you. The goblin hits you with a +4 dagger.
You die...

#......# #.#.
#......# ## #
#......# ..
#......# ...
#......# ....
#......#
.....###'####
......g#g######
#.gg@g.....#
......g)g.....#
......gg..?...#
..............#
..............#
#...##.#.######
##.. #.#.# ##
#. .#


You could see Robin and 8 goblins.

Vanquished Creatures
  4 adders (D:2)
  A dart slug (D:2)
  A ball python (D:2)
  3 bats
  An endoplasm (D:2)
  A giant cockroach (D:2)
  5 goblins
  6 hobgoblins
  3 frilled lizards
  A kobold (D:1)
  A rat (D:2)
27 creatures vanquished.

Notes
Turn   | Place    | Note
-------+----------+-------------------------------------------
     0 | D:1      | Iusername the Minotaur Fighter began the quest for the Orb.
     0 | D:1      | Reached XP level 1. HP: 19/19 MP: 0/0
   423 | D:1      | Found a faded altar of an unknown god.
   556 | D:1      | Reached XP level 2. HP: 27/27 MP: 1/1
   857 | D:2      | Reached XP level 3. HP: 31/33 MP: 2/2
  1545 | D:2      | Noticed Robin
  1551 | D:2      | Slain by a goblin

Illustrated notes

Levels and vault maps discovered:
D:1:      dpeg_arrival_tiny_k, layout_rooms,
          hellmonk_ecumenical_altar_heavens_door, dk_noncrumbling_3
D:2:      layout_basic, hangedman_glass_teeth, uniq_robin

Skill      XL: |  1  2 |
---------------+-------+-----
Armour         | 4 |  4.2
Fighting       | 4 |  4.3
Long Blades    | 3 |  3.4
Shields        | 4 |  4.1
Dodging        | |  0.1

Action                   || total
-------------------------++-------
Melee: Long sword        ||    66
       Headbutt          ||     8
  Use: Scroll            ||     1
       Potion            ||     1
Armor: Scale mail        ||    39
Dodge: Dodged            ||    43
Block: Buckler           ||    18
